MWL (24 & UNDER)
LEE'S SUMMIT TIGERS @ GRIM REAPERS
05/09/2028
 
TOP OF THE 1ST
Lee's Summit Tigers batting - Pitching for Grim Reapers : RHP Kade Brown
Pitching: RHP Kade Brown
Batting: RHB Jesús Ramos 0-0: Foul Ball, location: 2F
0-1: Ball
1-1: Ball
2-1: Ground out 6-3 (Groundball, 6)
Batting: RHB Ricardo Velásquez 0-0: Ball
1-0: Ball
2-0: Ball
3-0: Called Strike
3-1: Foul Ball, location: 2F
3-2: Foul Ball, location: 2F
3-2: Strikes out swinging
Batting: RHB Steve Johnson 0-0: Swinging Strike
0-1: Swinging Strike
0-2: Strikes out looking
Top of the 1st over - 0 run(s), 0 hit(s), 0 error(s), 0 left on base; Lee's Summit 0 - Grim 0
BOTTOM OF THE 1ST
Grim Reapers batting - Pitching for Lee's Summit Tigers : RHP Tony Cruz
Pitching: RHP Tony Cruz
Batting: LHB Carlos De La Rosa 0-0: Called Strike
0-1: Ball
1-1: Fly out, F6 (Popup, 6D)
Batting: RHB Pedro López 0-0: SINGLE (Groundball, 6D)
Batting: LHB Jesús Rojas 0-0: Ball
1-0: Foul Ball, location: 2F
1-1: Ball
2-1: 2-RUN HOME RUN (Flyball, 9D), Distance : 420 ft
Batting: RHB Micheal Banks 0-0: Called Strike
0-1: Ball
1-1: Called Strike
1-2: Strikes out looking
Batting: LHB Pat Carroll 0-0: Ball
1-0: Ball
2-0: Called Strike
2-1: Ground out 4-3 (Groundball, 4)
Bottom of the 1st over - 2 run(s), 2 hit(s), 0 error(s), 0 left on base; Lee's Summit 0 - Grim 2
TOP OF THE 2ND
Lee's Summit Tigers batting - Pitching for Grim Reapers : RHP Kade Brown
Batting: LHB Glenn Williamson 0-0: Ball
1-0: Foul Ball, location: 2F
1-1: Ground out 3-1 (Groundball, 34S)
Batting: RHB Stan Taylor 0-0: Ball
1-0: Called Strike
1-1: Foul Ball, location: 2F
1-2: Strikes out swinging
Batting: LHB Al Miller 0-0: Called Strike
0-1: Ball
1-1: Ball
2-1: Ball
3-1: Swinging Strike
3-2: Strikes out swinging
Top of the 2nd over - 0 run(s), 0 hit(s), 0 error(s), 0 left on base; Lee's Summit 0 - Grim 2
BOTTOM OF THE 2ND
Grim Reapers batting - Pitching for Lee's Summit Tigers : RHP Tony Cruz
Batting: RHB Ralph Wells 0-0: Swinging Strike
0-1: Ball
1-1: Fly out, F8 (Flyball, 78S)
Batting: SHB Jorge García 0-0: Called Strike
0-1: Swinging Strike
0-2: Ground out U3 (Groundball, 34)
Batting: RHB John Jones 0-0: Ball
1-0: Ball
2-0: Called Strike
2-1: Ball
3-1: Foul Ball, location: 2F
3-2: Ground out 4-3 (Groundball, 4)
Bottom of the 2nd over - 0 run(s), 0 hit(s), 0 error(s), 0 left on base; Lee's Summit 0 - Grim 2
TOP OF THE 3RD
Lee's Summit Tigers batting - Pitching for Grim Reapers : RHP Kade Brown
Batting: LHB Dudley Cooper 0-0: Ball
1-0: Called Strike
1-1: Ball
2-1: Swinging Strike
2-2: Foul Ball, location: 2F
2-2: Ball
3-2: DOUBLE (Line Drive, 89M)
Batting: RHB Jorge Barbosa 0-0: Called Strike
0-1: Ball
1-1: Foul Ball, location: 2F
1-2: Foul Ball, location: 2F
1-2: Ball
2-2: Ball
3-2: Strikes out swinging, 2-3 out at first.
Batting: RHB Valentín Saldaña 0-0: Ball
1-0: Called Strike
1-1: SINGLE (Line Drive, 9)
Dudley Cooper to third
Batting: RHB Jesús Ramos 0-0: Called Strike
0-1: Ball
1-1: Foul Ball, location: 2F
1-2: Foul Ball, location: 2F
1-2: Strikes out swinging
Batting: RHB Ricardo Velásquez 0-0: Ball
1-0: Fly out, F9 (Flyball, 89M)
Top of the 3rd over - 0 run(s), 2 hit(s), 0 error(s), 2 left on base; Lee's Summit 0 - Grim 2
BOTTOM OF THE 3RD
Grim Reapers batting - Pitching for Lee's Summit Tigers : RHP Tony Cruz
Batting: SHB Frank Grant 0-0: Ball
1-0: SINGLE (Line Drive, 78S)
Batting: LHB Carlos De La Rosa 0-0: Foul Ball, location: 2F
0-1: Ball
1-1: Foul Ball, location: 2F
1-2: Fly out, F4 (Line Drive, 4)
Batting: RHB Pedro López Pickoff Throw to First - Out!
0-0: Swinging Strike
0-1: Foul Ball, location: 2F
0-2: Ball
1-2: Ball
2-2: Foul Ball, location: 2F
2-2: Ground out 6-3 (Groundball, 6)
Bottom of the 3rd over - 0 run(s), 1 hit(s), 0 error(s), 0 left on base; Lee's Summit 0 - Grim 2
TOP OF THE 4TH
Lee's Summit Tigers batting - Pitching for Grim Reapers : RHP Kade Brown
Batting: RHB Steve Johnson 0-0: Called Strike
0-1: Swinging Strike
0-2: Ball
1-2: Reached on error, E7 (Flyball, 7)
Batting: LHB Glenn Williamson 0-0: Ball
1-0: Ball
2-0: Foul Ball, location: 2F
2-1: SINGLE (Groundball, 6MD)
Steve Johnson to second
Runner from 2nd tries for 3rd, SAFE, throw made to third
Batting: RHB Stan Taylor 0-0: Swinging Strike
0-1: Ball
1-1: Ball
2-1: Foul Ball, location: 2F
2-2: Strikes out looking
Batting: LHB Al Miller 0-0: Foul Ball, location: 2F
0-1: Foul Ball, location: 2F
0-2: Ball
1-2: Ball
2-2: Grounds into double play, 4-6-3 (Groundball, 4)
Top of the 4th over - 0 run(s), 1 hit(s), 1 error(s), 1 left on base; Lee's Summit 0 - Grim 2
BOTTOM OF THE 4TH
Grim Reapers batting - Pitching for Lee's Summit Tigers : RHP Tony Cruz
Batting: LHB Jesús Rojas 0-0: Fly out, F7 (Flyball, 7)
Batting: RHB Micheal Banks 0-0: Ball
1-0: Ball
2-0: Ball
3-0: Called Strike
3-1: Foul Ball, location: 2F
3-2: Foul Ball, location: 2F
3-2: Foul Ball, location: 2F
3-2: Strikes out swinging
Batting: LHB Pat Carroll 0-0: Called Strike
0-1: SINGLE (Line Drive, 34)
Batting: RHB Ralph Wells 0-0: Called Strike
0-1: Ball
1-1: Ball
2-1: Foul Ball, location: 2F
2-2: Foul Ball, location: 2F
2-2: Strikes out swinging
Bottom of the 4th over - 0 run(s), 1 hit(s), 0 error(s), 1 left on base; Lee's Summit 0 - Grim 2
TOP OF THE 5TH
Lee's Summit Tigers batting - Pitching for Grim Reapers : RHP Kade Brown
Batting: LHB Dudley Cooper 0-0: Foul Ball, location: 2F
0-1: Called Strike
0-2: Strikes out swinging
Batting: RHB Jorge Barbosa 0-0: Ball
1-0: Ball
2-0: Ball
3-0: Called Strike
3-1: Swinging Strike
3-2: Fly out, F7 (Flyball, 7D)
Batting: RHB Valentín Saldaña 0-0: DOUBLE (Line Drive, 9LD)
Batting: RHB Jesús Ramos 0-0: Foul Ball, location: 2F
0-1: Foul Ball, location: 2F
0-2: Ball
1-2: Ball
2-2: Ball
3-2: Base on Balls
Pitching: RHP Colin Younger
Batting: RHB Ricardo Velásquez 0-0: Swinging Strike
0-1: Ball
1-1: Ball
2-1: Foul Ball, location: 2F
2-2: Strikes out swinging
Top of the 5th over - 0 run(s), 1 hit(s), 0 error(s), 2 left on base; Lee's Summit 0 - Grim 2
BOTTOM OF THE 5TH
Grim Reapers batting - Pitching for Lee's Summit Tigers : RHP Tony Cruz
Batting: SHB Jorge García 0-0: Called Strike
0-1: Foul Ball, location: 2F
0-2: Ground out 4-3 (Groundball, 4)
Batting: RHB John Jones 0-0: Ball
1-0: Called Strike
1-1: Foul Ball, location: 2F
1-2: Ball
2-2: Strikes out swinging
Batting: SHB Frank Grant 0-0: Called Strike
0-1: Foul Ball, location: 2F
0-2: Strikes out looking
Bottom of the 5th over - 0 run(s), 0 hit(s), 0 error(s), 0 left on base; Lee's Summit 0 - Grim 2
TOP OF THE 6TH
Lee's Summit Tigers batting - Pitching for Grim Reapers : RHP Colin Younger
Batting: RHB Steve Johnson 0-0: Ball
1-0: Ball
2-0: Called Strike
2-1: Swinging Strike
2-2: Strikes out swinging
Batting: LHB Glenn Williamson 0-0: Ball
1-0: Swinging Strike
1-1: Foul Ball, location: 2F
1-2: Strikes out swinging
Batting: RHB Stan Taylor 0-0: Called Strike
0-1: Swinging Strike
0-2: Strikes out swinging
Top of the 6th over - 0 run(s), 0 hit(s), 0 error(s), 0 left on base; Lee's Summit 0 - Grim 2
BOTTOM OF THE 6TH
Grim Reapers batting - Pitching for Lee's Summit Tigers : RHP Tony Cruz
Batting: LHB Carlos De La Rosa 0-0: Ball
1-0: Swinging Strike
1-1: Ball
2-1: Foul Ball, location: 2F
2-2: SINGLE (Groundball, 6MD)
Batting: RHB Pedro López 0-0: Ball
1-0: Ball
2-0: Fly out, F8 (Flyball, 89XD)
Batting: LHB Jesús Rojas 0-0: Called Strike
Carlos De La Rosa steals 2nd base
0-1: Ball
1-1: Fly out, F4 (Line Drive, 4)
Batting: RHB Micheal Banks 0-0: Ball
1-0: Ball
2-0: Ball
3-0: Base on Balls
Batting: LHB Pat Carroll 0-0: Called Strike
0-1: Foul Ball, location: 2F
0-2: Ball
1-2: Foul Ball, location: 2F
1-2: DOUBLE (Line Drive, 9LM)
Carlos De La Rosa scores
Micheal Banks to third
Pitching: LHP Vernon Mathis
Batting: RHB Ralph Wells 0-0: Ball
1-0: Foul Ball, location: 2F
1-1: Ball
2-1: Foul Ball, location: 2F
2-2: Ball
3-2: Foul Ball, location: 2F
3-2: Base on Balls
Batting: SHB Jorge García 0-0: Ball
1-0: Called Strike
1-1: Called Strike
1-2: Strikes out swinging
Bottom of the 6th over - 1 run(s), 2 hit(s), 0 error(s), 3 left on base; Lee's Summit 0 - Grim 3
TOP OF THE 7TH
Lee's Summit Tigers batting - Pitching for Grim Reapers : RHP Colin Younger
Batting: LHB Al Miller 0-0: Foul Ball, location: 2F
0-1: Foul Ball, location: 2F
0-2: Foul Ball, location: 2F
0-2: Ball
1-2: Strikes out looking
Batting: LHB Dudley Cooper 0-0: Called Strike
0-1: SINGLE (Line Drive, 4MD)
Batting: RHB Jorge Barbosa 0-0: Ball
1-0: Reached on error, E1 (Groundball, 15S)
Dudley Cooper to second
Batting: RHB Valentín Saldaña 0-0: Called Strike
0-1: Swinging Strike
0-2: Ball
1-2: Ball
2-2: Strikes out looking
Batting: RHB Jesús Ramos 0-0: Ball
1-0: Called Strike
1-1: Called Strike
1-2: Foul Ball, location: 2F
1-2: Strikes out swinging
Top of the 7th over - 0 run(s), 1 hit(s), 1 error(s), 2 left on base; Lee's Summit 0 - Grim 3
BOTTOM OF THE 7TH
Grim Reapers batting - Pitching for Lee's Summit Tigers : LHP Vernon Mathis
Batting: RHB John Jones 0-0: Foul Ball, location: 2F
0-1: Foul Ball, location: 2F
0-2: Ball
1-2: Ball
2-2: Strikes out swinging
Batting: SHB Frank Grant 0-0: Ball
1-0: Ball
2-0: Ball
3-0: Called Strike
3-1: Foul Ball, location: 2F
3-2: Base on Balls
Batting: LHB Carlos De La Rosa 0-0: Called Strike
0-1: Ball
1-1: Ball
2-1: Swinging Strike
2-2: Ball
3-2: Strikes out swinging
Batting: RHB Pedro López 0-0: SINGLE (Groundball, 6D)
Frank Grant to second
Batting: LHB Jesús Rojas 0-0: Ball
1-0: Ball
2-0: Called Strike
2-1: 3-RUN HOME RUN (Flyball, 9D), Distance : 418 ft
Batting: RHB Micheal Banks 0-0: Ball
1-0: Ball
2-0: Called Strike
2-1: Ball
3-1: Base on Balls
Batting: LHB Pat Carroll 0-0: Foul Ball, location: 2F
0-1: Ball
1-1: Ball
2-1: Foul Ball, location: 2F
2-2: Strikes out looking
Bottom of the 7th over - 3 run(s), 2 hit(s), 0 error(s), 1 left on base; Lee's Summit 0 - Grim 6
TOP OF THE 8TH
Lee's Summit Tigers batting - Pitching for Grim Reapers : RHP Colin Younger
Batting: RHB Ricardo Velásquez 0-0: Ball
1-0: Foul Ball, location: 2F
1-1: Ball
2-1: Fly out, F9 (Flyball, 9S)
Batting: RHB Steve Johnson 0-0: Ball
1-0: Ball
2-0: Ground out 5-3 (Groundball, 56)
Batting: LHB Glenn Williamson 0-0: Foul Ball, location: 2F
0-1: Swinging Strike
0-2: Foul Ball, location: 2F
0-2: Ball
1-2: Ball
2-2: Foul Ball, location: 2F
2-2: Foul Ball, location: 2F
2-2: Fly out, F8 (Flyball, 78M)
Top of the 8th over - 0 run(s), 0 hit(s), 0 error(s), 0 left on base; Lee's Summit 0 - Grim 6
BOTTOM OF THE 8TH
Grim Reapers batting - Pitching for Lee's Summit Tigers : LHP Vernon Mathis
Batting: RHB Ralph Wells 0-0: SINGLE (Groundball, 4MD)
Batting: SHB Jorge García 0-0: Called Strike
0-1: Ball
1-1: Ball
2-1: Ball
3-1: Base on Balls
Ralph Wells to second
Batting: RHB John Jones 0-0: Called Strike
0-1: Ball
1-1: Fly out, F8 (Line Drive, 8RXD)
Runner from 2nd tags up, SAFE at 3rd, no throw
Batting: SHB Frank Grant 0-0: Swinging Strike
0-1: Ball
1-1: Swinging Strike
1-2: Foul Ball, location: 2F
1-2: Strikes out swinging
Batting: LHB Carlos De La Rosa 0-0: Swinging Strike
0-1: Ball
1-1: Ball
2-1: Foul Ball, location: 2F
2-2: Ball
3-2: Strikes out looking
Bottom of the 8th over - 0 run(s), 1 hit(s), 0 error(s), 2 left on base; Lee's Summit 0 - Grim 6
TOP OF THE 9TH
Lee's Summit Tigers batting - Pitching for Grim Reapers : RHP Colin Younger
Pitching: RHP Will Brown
Now at C: Roberto Solís
Batting: RHB Stan Taylor 0-0: Ball
1-0: Ball
2-0: Ball
3-0: Base on Balls
Batting: LHB Al Miller 0-0: Called Strike
0-1: Called Strike
0-2: Foul Ball, location: 2F
0-2: SINGLE (Groundball, 3D)
Stan Taylor to second
Runner from 2nd tries for 3rd, SAFE, throw made to third
Al Miller to second
Batting: LHB Dudley Cooper 0-0: Ball
1-0: Called Strike
1-1: Ball
2-1: Ball
3-1: Foul Ball, location: 2F
3-2: Foul Ball, location: 2F
3-2: Ground out 4-3 (Groundball, 4)
Stan Taylor scores
Al Miller to third
Batting: RHB Jorge Barbosa 0-0: Called Strike
0-1: Ground out 5-3 (Groundball, 56)
Al Miller scores
Batting: RHB Valentín Saldaña 0-0: Ball
1-0: Ball
2-0: Fly out, F7 (Flyball, 7)
Top of the 9th over - 2 run(s), 1 hit(s), 0 error(s), 0 left on base; Lee's Summit 2 - Grim 6
Tuesday, August 8th, 2017 - OOTP Baseball 17.12 Build 75